AoeStats
← MooseMooch

Arena

509744042Analyzed
1v1 RM · 5d ago on Sep 27, 2026· 80m 55s· 2 players
Game mode
Random Map
Map size
Tiny (2 player)
Population
200
Speed
Normal
Resources
Standard
Victory
Conquest
Starting age
Dark Age
Ending age
Imperial Age
RankedLock teamsTeams togetherTeam positionsShared explorationLock speedFull tech treeHidden civsTurbo modeCheats
Victory
Defeat
🇩🇪 Portuguese · Germany
1219
+15
🇨🇱 Sicilians · Chile
1201
-15
Liberty
5:55 Loom
27:54 Feudal Age
28:23 Double-Bit Axe
28:57 Stone Mining
28:50 Horse Collar
29:08 Gold Mining
31:45 Castle Age
32:55 Bow Saw
37:09 Imperial Age
43:56 Wheelbarrow
48:33 Chemistry
47:47 Masonry
48:00 Ballistics
50:46 Onager
53:03 Cavalier
53:54 Bloodlines
53:47 Husbandry
56:24 Bloodlines
56:20 Scale Barding Armor
56:26 Forging
57:10 Conscription
58:04 Chain Barding Armor
59:46 Heavy Plow
61:24 Iron Casting
62:03 Plate Barding Armor
62:27 Light Cavalry
64:33 Hoardings
67:29 Town Watch
80:15 Heavy Scorpion
MooseMooch
9:22 Feudal Age
8:37 Loom
10:11 Double-Bit Axe
16:28 Fletching
16:48 Forging
23:42 Horse Collar
30:11 Castle Age
43:48 Imperial Age
46:52 Chemistry
53:28 Arquebus
66:01 Fortified Wall
66:15 Pikeman
69:59 Scale Mail Armor
70:31 Ballistics
70:29 Bodkin Arrow
72:34 Chain Mail Armor
75:04 Bracer
76:26 Murder Holes
76:43 Heavy Plow
76:29 Halberdier
81:37 Wheelbarrow
81:14 Bow Saw
Connection lost

Rejoining the realm…

Still unreachable

The connection could not be restored.

Session expired

The server has moved on; the page needs a fresh start.